 Dungeon Crawl Stone Soup version 0.25.1-8-g42b30a86e7 (webtiles) character file.

Game seed: 7063178876324332067

9811 Araneus the Grappler (level 11, -7/76 HPs)
             Began as a Demonspawn Fighter on Dec 2, 2020.
             Was a Priest of Qazlal.
             Killed from afar by a steam dragon (10 damage)
             ... with a ball of steam
             ... on level 10 of the Dungeon.
             The game lasted 00:35:24 (9848 turns).

Araneus the Grappler (Demonspawn Fighter)           Turns: 9848, Time: 00:35:25

Health: -7/76      AC: 18    Str: 19    XL:     11   Next: 27%
Magic:  25/25      EV:  7    Int: 15    God:    Qazlal [***...]
Gold:   431        SH:  4    Dex: 13    Spells: 10/10 levels left

rFire    . . .     SeeInvis .   w - -1 whip (curse)
rCold    . . .     Gourm    .   (no shield)
rNeg     . . .     Faith    .   h - +1 chain mail (curse)
rPois    .         Spirit   .   i - +3 hat of Pondering {ponderous, MR+ MP+10 Int+5}
rElec    .         Reflect  .   x - scarf {+Inv}
rCorr    .         Harm     .   (no gloves)
MR       +....                  (no boots)
Stlth    ..........             u - amulet of magic regeneration
HPRegen  0.22/turn              b - +4 ring of protection
MPRegen  0.44/turn              v - ring of flight

@: stab, slow
A: antennae 1, claws 2, talons 2, demonic guardian 1, spiny 1
a: Upheaval, Elemental Force, Renounce Religion, Evoke Invisibility, Evoke
Flight


You were on level 10 of the Dungeon.
You worshipped Qazlal.
Qazlal was most pleased with you.
You were not hungry.

You visited 2 branches of the dungeon, and saw 11 of its levels.

You collected 458 gold pieces.
You spent 27 gold pieces at shops.

Inventory:

Hand Weapons
 a - a +1 flail
 n - a +2 whip of venom
 w - a cursed -1 whip (weapon)
Armour
 c - a +0 kite shield
 h - a cursed +1 chain mail (worn)
 i - the +3 hat of Pondering (worn) {ponderous, MR+ MP+10 Int+5}
   (You took it off Gastronok on level 8 of the Dungeon)

   It affects your intelligence (+5).
   It affects your resistance to hostile enchantments.
   It affects your magic capacity (+10).
 x - a scarf of invisibility (worn)
 F - a +0 plate armour
Jewellery
 b - a +4 ring of protection (left claw)
 u - an amulet of magic regeneration (around neck)
 v - a ring of flight (right claw)
Wands
 m - a wand of acid (14)
 q - a wand of disintegration (8)
Scrolls
 j - a scroll of enchant weapon
 k - a scroll of identify
 o - 4 scrolls of teleportation
 t - 2 scrolls of magic mapping
Potions
 d - 2 potions of might
 e - 2 potions of resistance
 g - 2 potions of haste
 p - 2 potions of stabbing
 r - a potion of invisibility
 A - a potion of flight
 B - a potion of brilliance {unknown}
 D - 2 potions of cancellation {unknown}
 E - a potion of heal wounds {unknown}
Comestibles
 f - 16 rations
 s - 16 chunks of flesh


   Skills:
 + Level 3.6 Fighting
 - Level 5.0 Maces & Flails
 + Level 7.3 Armour
 - Level 2.6 Shields
 * Level 12.2 Unarmed Combat
 * Level 6.3 Invocations
 * Level 4.1 Evocations


You had 10 spell levels left.
You didn't know any spells.
Your spell library contained the following spells:

 Spells                   Type           Power        Failure   Level  Hunger
 Animate Skeleton         Necr           N/A          94%         1    ##.....
 Apportation              Tloc           #.....       94%         1    ##.....
 Corona                   Hex            #......      94%         1    ##.....
 Pain                     Necr           #...         94%         1    ##.....
 Summon Small Mammal      Summ           #...         94%         1    ##.....
 Vampiric Draining        Necr           #.........   100%        3    ####...
 Animate Dead             Necr           N/A          100%        4    #####..
 Agony                    Necr           #.......     100%        5    ######.


Dungeon Overview and Level Annotations

Branches:
Dungeon (10/15)            Temple (1/1) D:5             Orc (0/2) D:9
   Lair: D:8-11

Altars:
Ashenzari
Cheibriados
Dithmenos
Elyvilon
Fedhas
Gozag
Hepliaklqana
Kikubaaqudgha
Makhleb
Nemelex Xobeh
Okawaru
Qazlal
Ru
Sif Muna
Trog
Uskayaw
Vehumet
Wu Jian
Xom
Yredelemnul
Zin
The Shining One

Shops:
D:7 *


Innate Abilities, Weirdness & Mutations

You have a pair of small antennae on your head.
You have very sharp fingernails.
You have razor-sharp toenails.
A weak demonic guardian rushes to your aid.
You are partially covered in sharp spines.


Message History

* * * LOW HITPOINT WARNING * * *
You hear a howl!
You feel better.
Your ufetubus hits the steam dragon but does no damage. x2
The steam dragon breathes steam at you. The ball of steam hits you.
* * * LOW HITPOINT WARNING * * *
Your ufetubus closely misses the steam dragon. x2
You feel ready to backstab.
Your ufetubus closely misses the steam dragon.
Your ufetubus hits the steam dragon but does no damage.
The steam dragon is struck by your spines.
The steam dragon bites you but does no damage.
The steam dragon barely misses you.
Your ufetubus hits the steam dragon but does no damage. x2
The steam dragon breathes steam at you. The ball of steam hits your ufetubus!!
Your ufetubus dies!
The ball of steam hits you!
You die...

######...# #...###.
..........# #......
..........# ##..<..
..........# # ##♣.♣#
..........#######.#
###
........§.........###
........§..(.÷.......
..........(÷.........
.......§@#######.###
........○# #
#######D.# #..# #..#
#..# #..# ...# #..#


You could see a steam dragon (catching breath).

Vanquished Creatures
  Gastronok (D:8)
  A centaur zombie (D:10)
  Psyche (D:8)
  Grinder (D:6)
  Prince Ribbit (D:8)
  A hornet (D:7)
  2 dream sheep (D:9)
  9 yaks
  Grum (D:8)
  2 steam dragons
  A water moccasin (D:9)
  2 sky beasts
  4 ice beasts
  2 orc warriors
  A phantom (D:8)
  2 wolves (D:8)
  2 centaurs
  An ogre (D:5)
  2 crocodiles
  4 big kobolds
  A water moccasin zombie (D:7)
  A scorpion (D:5)
  14 killer bees
  17 wights
  A howler monkey (D:10)
  6 crimson imps
  2 bullfrog zombies
  2 bullfrog skeletons
  2 hounds (D:4)
  3 orc priests
  A jelly (D:8)
  A centaur skeleton (D:4)
  A human skeleton (D:3)
  3 iguanas
  3 orc wizards
  3 worker ants
  2 howler monkey skeletons
  15 adders
  4 shadow imps
  A white imp (D:6)
  An ooze (D:4)
  2 worms
  A dart slug (D:1)
  10 leopard geckos
  22 orcs
  5 bats
  A giant cockroach (D:1)
  7 goblins
  7 hobgoblins
  16 jackals
  11 kobolds
  A quokka (D:4)
  A ball python (D:2)
  5 frilled lizards
  A leopard gecko skeleton (D:4)
  2 quokka zombies
  7 rats
224 creatures vanquished.

Vanquished Creatures (collateral kills)
  A hydra (D:9)
  2 yaks (D:10)
  A black bear (D:6)
  A wolf (D:8)
  An ogre (D:6)
  A killer bee (D:8)
  2 wights (D:9)
  A crimson imp (D:9)
  A human skeleton (D:3)
11 creatures vanquished.

Vanquished Creatures (others)
  A leopard gecko (D:9)
1 creature vanquished.

Grand Total: 236 creatures vanquished

Notes
Turn   | Place    | Note
-------+----------+-------------------------------------------
     0 | D:1      | Araneus the Demonspawn Fighter began the quest for the Orb.
     0 | D:1      | Reached XP level 1. HP: 18/18 MP: 1/1
    36 | D:1      | Gained mutation: A weak demonic guardian rushes to your
                  | aid. [demonic ancestry]
    36 | D:1      | Reached XP level 2. HP: 11/24 MP: 2/2
   550 | D:1      | Gained mutation: You have sharp toenails. [demonic
                  | ancestry]
   550 | D:1      | Reached XP level 3. HP: 29/29 MP: 3/3
  1447 | D:2      | Gained mutation: You have sharp fingernails. [demonic
                  | ancestry]
  1447 | D:2      | Reached XP level 4. HP: 28/35 MP: 4/4
  1804 | D:3      | Gained mutation: You have very sharp fingernails. [demonic
                  | ancestry]
  1804 | D:3      | Reached XP level 5. HP: 8/41 MP: 5/5
  2393 | D:3      | Reached skill level 5 in Maces & Flails
  2508 | D:3      | Found a runed translucent door.
  2508 | D:3      | Noticed a human
  2515 | D:3      | Found a basalt altar of Yredelemnul.
  2521 | D:3      | Reached skill level 1 in Unarmed Combat
  2766 | D:4      | Reached skill level 2 in Unarmed Combat
  3013 | D:4      | Gained mutation: You have razor-sharp toenails. [demonic
                  | ancestry]
  3013 | D:4      | Reached XP level 6. HP: 38/47 MP: 6/6
  3141 | D:4      | Reached skill level 3 in Unarmed Combat
  3157 | D:4      | Found a burning altar of Makhleb.
  3179 | D:4      | Found an opulent altar of Gozag.
  3475 | D:5      | Entered Level 5 of the Dungeon
  3504 | D:5      | Reached skill level 4 in Unarmed Combat
  3528 | D:5      | Found a shimmering blue altar of Sif Muna.
  3657 | D:5      | Gained mutation: You are partially covered in sharp spines.
                  | [demonic ancestry]
  3657 | D:5      | Reached XP level 7. HP: 33/52 MP: 7/7
  3856 | D:5      | Found a snail-covered altar of Cheibriados.
  3988 | D:5      | Reached skill level 5 in Unarmed Combat
  4168 | D:5      | Found a staircase to the Ecumenical Temple.
  4174 | Temple   | Entered the Ecumenical Temple
  4255 | Temple   | Became a worshipper of Qazlal Stormbringer
  4821 | D:6      | Reached skill level 6 in Unarmed Combat
  5391 | D:6      | Gained mutation: You have a pair of small antennae on your
                  | head. [demonic ancestry]
  5391 | D:6      | Reached XP level 8. HP: 46/58 MP: 8/8
  5486 | D:6      | Noticed Grinder
  5497 | D:6      | Killed Grinder
  5611 | D:7      | Found Hituriu's Assorted Antiques.
  5625 | D:7      | Reached skill level 7 in Unarmed Combat
  5680 | D:7      | Reached * piety under Qazlal
  6076 | D:7      | Reached skill level 5 in Armour
  6076 | D:7      | Reached skill level 8 in Unarmed Combat
  6487 | D:7      | Reached XP level 9. HP: 56/64 MP: 9/9
  6648 | D:7      | Bought a cyan potion for 27 gold pieces
  6952 | D:8      | Noticed Gastronok
  6954 | D:8      | Paralysed by a hornet for 2 turns
  7011 | D:8      | Reached skill level 1 in Invocations
  7029 | D:8      | Killed Gastronok
  7029 | D:8      | Reached skill level 10 in Unarmed Combat
  7384 | D:8      | Found a shadowy altar of Dithmenos.
  7386 | D:8      | Noticed Psyche
  7391 | D:8      | Killed Psyche
  7391 | D:8      | Reached XP level 10. HP: 70/70 MP: 12/12
  7404 | D:8      | Noticed Grum
  7420 | D:8      | Killed Grum
  7562 | D:8      | Noticed Prince Ribbit
  7566 | D:8      | Killed Prince Ribbit
  7945 | D:9      | Reached ** piety under Qazlal
  8174 | D:9      | Reached skill level 11 in Unarmed Combat
  8178 | D:9      | Reached skill level 5 in Invocations
  8786 | D:9      | Noticed a two-headed hydra
  8794 | D:9      | Killed a two-headed hydra
  8816 | D:9      | Reached XP level 11. HP: 49/75 MP: 15/15
  9037 | D:9      | Found a staircase to the Orcish Mines.
  9389 | D:10     | Entered Level 10 of the Dungeon
  9507 | D:10     | Reached skill level 12 in Unarmed Combat
  9636 | D:10     | Reached *** piety under Qazlal
  9845 | D:10     | HP: 2/76 [steam dragon/ball of steam (19)]
  9848 | D:10     | Killed from afar by a steam dragon

Illustrated notes

Levels and vault maps discovered:
D:1:      moated_graveyard_arrival, layout_basic, minmay_hedge_maze
D:2:      layout_loops_ring, minmay_tetromino_l4
D:3:      layout_basic, yredelemnul_forgotten_temple_becter,
          dk_yredelemnul_ordeal
D:4:      layout_rooms, chequers_temple_overflow_statue_of_worship, hex_tiny
D:5:      layout_rooms, slow_altar_1, led_sif_book, minmay_temple_entry_hall,
          first_ration
D:6:      layout_gridville, minmay_fire_ice_demons, uniq_grinder
D:7:      layout_loops_corners, serial_shops, nicolae_shop_statue_plus
D:8:      layout_rooms, basic_altar, uniq_grum, uniq_prince_ribbit1,
          uniq_psyche, uniq_gastronok
D:9:      layout_rooms, orc_0_dummy, hangedman_ranch [blue_anna_fruit_fields]
D:10:     layout_small_grid, grunt_ministairs_8
Temple:   minmay_crystal_spiral_temple

Skill      XL: |  1  2  3  4  5  6  7  8  9 10 11 |
---------------+----------------------------------+-----
Maces & Flails | 2 3 4 5 |  5.0
Unarmed Combat | 2 4 6 8 10 11 12 | 12.2
Armour         | 3 5 6 7 |  7.3
Invocations    | 3 5 6 |  6.3
Evocations     | 2 3 4 |  4.1
Fighting       | |  3.6
Shields        | |  2.6

Action                   |  1- 3 |  4- 6 |  7- 9 | 10-12 || total
-------------------------+-------+-------+-------+-------++-------
Melee: Flail             |   122 |    57 |       |       ||   179
       Kick              |    12 |    41 |    39 |    73 ||   165
       Unarmed           |       |   137 |   136 |   156 ||   429
       Punch             |       |       |     1 |    10 ||    11
       Whip              |       |       |       |   110 ||   110
Evoke: Wand              |       |       |     1 |       ||     1
  Use: Scroll            |       |     7 |    11 |     2 ||    20
       Potion            |       |     1 |       |     3 ||     4
 Stab: Invisible         |       |       |       |     2 ||     2
       Distracted        |       |       |       |     1 ||     1
  Eat: Chunk             |     1 |     8 |     7 |     6 ||    22
       Ration            |       |       |     1 |     1 ||     2
Armor: Scale mail        |    53 |    38 |       |       ||    91
       Chain mail        |       |    52 |    68 |   150 ||   270
Dodge: Dodged            |    45 |    66 |    44 |    92 ||   247
Block: Kite shield       |    57 |    20 |       |       ||    77
       Other             |       |       |     3 |    36 ||    39
